 Dungeon Crawl Stone Soup version 0.27.1-33-g824d729ab1 (webtiles) character file.

Game seed: 10855475053317113128

11 belegose the Skirmisher (level 2, -2/25 HPs)
             Began as a Djinni Abyssal Knight on Dec 4, 2021.
             Was a Follower of Lugonu.
             Slain by a goblin (4 damage)
             ... on level 1 of the Dungeon.
             The game lasted 00:01:58 (574 turns).

belegose the Skirmisher (Djinni Abyssal Knight)      Turns: 574, Time: 00:01:58

Health: -2/25      AC:  3    Str: 10 (11) XL:     2   Next: 35%
Gold:   22         EV: 11    Int: 12 (13) God:    Lugonu [*.....] SH:  0 Dex: 12

rFire    + + .     SeeInvis .   a - +1 falchion
rCold    x . .     Faith    .   (no shield)
rNeg     . . .     Spirit   .   b - +0 leather armour
rPois    ∞         Reflect  .   (no helmet)
rElec    .         Harm     .   (no cloak)
rCorr    .         Rampage  .   (no gloves)
Will     .....                  (boots unavailable)
Stlth    +.........             (no amulet)
HPRegen  0.08/turn              (no ring)
MPRegen  0.00/turn              (no ring)

@: flying
A: sickness immunity, fire resistance 2, cold vulnerability 1, float, innate
caster, hp casting, extra vitality 1, deterioration 1
a: Renounce Religion, Depart the Abyss


You were on level 1 of the Dungeon.
You worshipped Lugonu.
Lugonu was aware of your devotion.
You visited 1 branch of the dungeon, and saw 1 of its levels.
You visited the Abyss 1 time.

You collected 22 gold pieces.

Inventory:

Hand Weapons
 a - a +1 falchion (weapon)
Missiles
 d - 11 sling bullets
 h - 11 stones
Armour
 b - a +0 leather armour (worn)
Scrolls
 c - a scroll of fog {unknown}
 f - a scroll of magic mapping {unknown}
 g - 2 scrolls of immolation {unknown}
Potions
 e - a potion of resistance {unknown}


   Skills:
 + Level 3.1 Fighting
 - Level 1.7 Long Blades
 + Level 1.3 Armour
 - Level 2.1 Dodging
 + Level 0.3 Spellcasting
 + Level 2.0 Invocations


You had one spell level left.
You didn't know any spells.
Your spell library was empty.

Dungeon Overview and Level Annotations

Branches:
Dungeon (1/15)

Altars:


Innate Abilities, Weirdness & Mutations

You are immune to sickness and miasma.
You are immune to poison.
Your flesh is very heat resistant. (rF++)
You are vulnerable to cold. (rC-)
You float through the air rather than walking.
You learn spells naturally, not from books.
Your magical power is your life essence.
You have superior vitality. (+4 HP)
Your body sometimes deteriorates upon taking damage.


Message History

You closely miss the jackal.
The jackal is heavily wounded.
The jackal closely misses you. x2
You hit the jackal.
You kill the jackal!
Lugonu accepts your kill. The hobgoblin hits you.
You completely miss the hobgoblin.
The hobgoblin hits you but does no damage.
You barely miss the hobgoblin. The hobgoblin barely misses you.
You hit the hobgoblin.
The hobgoblin is moderately wounded.
The hobgoblin barely misses you.
You riposte.
You barely miss the hobgoblin.
The hobgoblin is moderately wounded.
You hit the hobgoblin.
You kill the hobgoblin!
Lugonu accepts your kill.
You closely miss the goblin. The goblin misses you.
You riposte.
You closely miss the goblin. You barely miss the goblin.
The goblin hits you with a +0 club.
You closely miss the goblin. The goblin hits you with a +0 club.
* * * LOW HITPOINT WARNING * * *
The goblin hits you with a +0 club.
* * * LOW HITPOINT WARNING * * *
You hit the goblin.
The goblin is moderately wounded.
The goblin barely misses you.
You hit the goblin.
The goblin is heavily wounded.
The goblin closely misses you.
You closely miss the goblin.
The goblin is heavily wounded.
The goblin hits you but does no damage.
You barely miss the goblin.
The goblin is heavily wounded.
The goblin misses you.
You hit the goblin.
The goblin is almost dead.
The goblin closely misses you. The goblin hits you with a +0 club.
You die...

###...# #....# #.# ..
####..#####....###.# .#
.................#.# .#
####.........>...#.# .#
.................#.##.##
.#####.....#...#.#.#...######
.# #...............#.......
.# #..#...#.##g###...# .#
#..#...#.##@# #...#
.#####........##.##.....#
....................g.....
.#####........##.##.....###
..####.## .........##
#........ ...#######
.......## ### ..######
.........


You could see a goblin.

Vanquished Creatures
  A dart slug (D:1)
  An endoplasm (D:1)
  2 hobgoblins (D:1)
  2 jackals (D:1)
  A goblin (D:1)
  A kobold (D:1)
8 creatures vanquished.

Vanquished Creatures (others)
  A frilled lizard (D:1)
1 creature vanquished.

Grand Total: 9 creatures vanquished

Notes
Turn   | Place    | Note
-------+----------+-------------------------------------------
     0 | Abyss:1  | belegose the Djinni Abyssal Knight began the quest for the
                  | Orb.
     0 | Abyss:1  | Reached XP level 1. HP: 20/20 MP: 0/0
    45 | Abyss:1  | Noticed a large abomination
    65 | Abyss:1  | Noticed a neqoxec
    66 | Abyss:1  | Gained mutation: Your body sometimes deteriorates upon
                  | taking damage. [a neqoxec]
    68 | D:1      | Escaped the Abyss
   478 | D:1      | Reached * piety under Lugonu
   479 | D:1      | Reached XP level 2. HP: 25/25 MP: 0/0
   569 | D:1      | HP: 1/25 [goblin (4)]
   574 | D:1      | Slain by a goblin

Illustrated notes

Levels and vault maps discovered:
D:1:      lemuel_arrival_behind_the_door_large, layout_loops_ring,
          chequers_ecumenical_altar_simple, minivault_11

Skill      XL: |  1 |
---------------+----+-----
Invocations    | 2 |  2.0
Fighting       | |  3.1
Long Blades    | |  1.7
Armour         | |  1.3
Dodging        | |  2.1
Spellcasting   | |  0.3

Action                   || total
-------------------------++-------
Melee: Falchion          ||    27
Invok: Depart the Abyss  ||     1
  Use: Potion            ||     1
Armor: Leather armour    ||    12
Dodge: Dodged            ||    32
       Rpst.: Falchion   ||     8
